 Dungeon Crawl Stone Soup version 0.23.1 (webtiles) character file.

Game seed: 6134898639512006618

32 teukkam the Skirmisher (level 3, 0/31 HPs)
             Began as a Demonspawn Abyssal Knight on Mar 19, 2019.
             Was a Follower of Lugonu.
             Succumbed to a kobold's poison
             ... on level 2 of the Dungeon.
             The game lasted 00:03:46 (1072 turns).

teukkam the Skirmisher (Demonspawn Abyssal Knight)  Turns: 1072, Time: 00:03:47

Health: 0/31       AC:  3    Str: 13    XL:     3   Next: 8%
Magic:  5/5        EV: 11    Int: 13    God:    Lugonu [*.....]
Gold:   32         SH:  0    Dex: 12    Spells: 2/2 levels left

rFire    . . .     SeeInvis .   a - +1 short sword (venom)
rCold    . . .     Gourm    .   (no shield)
rNeg     . . .     Faith    .   b - +0 leather armour
rPois    .         Spirit   .   (no helmet)
rElec    .         Reflect  .   (no cloak)
rCorr    .         Harm     .   (no gloves)
MR       .....                  (no boots)
Stlth    +.........             (no amulet)
HPRegen  0.10/turn              (no ring)
MPRegen  0.09/turn              (no ring)

@: lethally poisoned (0 -> -6)
A: hooves 1, deterioration 1, robust 1, wild magic 1
a: Depart the Abyss, Renounce Religion


You were on level 2 of the Dungeon.
You worshipped Lugonu.
Lugonu was aware of your devotion.
You were hungry.

You visited 1 branch of the dungeon, and saw 2 of its levels.
You visited the Abyss 1 time.

You collected 32 gold pieces.

Inventory:

Hand Weapons
 a - a +1 short sword of venom (weapon)
 l - a +1 hand axe
Missiles
 i - 12 poisoned needles
 j - 14 sling bullets
Armour
 b - a +0 leather armour (worn)
Scrolls
 d - a scroll of remove curse {unknown}
 e - a scroll of identify {unknown}
 g - 2 scrolls of blinking {unknown}
 h - a scroll of immolation {unknown}
 k - a scroll of enchant armour {unknown}
Comestibles
 c - 3 rations
 f - 7 chunks of flesh


   Skills:
 + Level 3.2 Fighting
 + Level 0.0 Short Blades
 - Level 2.1 Axes
 + Level 2.1 Armour
 + Level 1.4 Dodging
 + Level 3.0 Invocations


You had 2 spell levels left.
You didn't know any spells.
Your spell library was empty.

Dungeon Overview and Level Annotations

Branches:
Dungeon (2/15)

Altars:


Innate Abilities, Weirdness & Mutations

You have large cloven feet.
Your body sometimes deteriorates upon taking damage.
You are robust. (+10% HP)
Your spells are a little harder to cast, but a little more powerful.


Message History

You feel sick.
* * * LOW HITPOINT WARNING * * *
You feel sick.
* * * LOW HITPOINT WARNING * * *
You feel sick.
You see here a silvery potion.
m - a silvery potion It was a potion of mutation.
You feel extremely strange.
You feel robust.
You feel yourself wasting away.
You feel less in control of your magic.
* * * LOW HITPOINT WARNING * * *
You feel sick.
* * * LOW HITPOINT WARNING * * *
You feel sick.
* * * LOW HITPOINT WARNING * * *
You feel sick.
You open the door.
* * * LOW HITPOINT WARNING * * *
You feel sick.
You die...

..## .... #..# ...
..# # #.# #. #.#
#.###@## #......#
#......# ##.....#
#.....# #.....#
#######.# #.....#
#.. ..#.# #.....#
#.##....
##.....###.....###


There were no monsters in sight!

Vanquished Creatures
  An ooze (D:2)
  2 leopard geckos (D:1)
  3 giant cockroaches (D:1)
  5 goblins
  3 hobgoblins (D:1)
  2 bats (D:1)
  A frilled lizard (D:1)
  3 kobolds
  4 rats (D:1)
24 creatures vanquished.

Notes
Turn   | Place    | Note
-------+----------+-------------------------------------------
     0 | Abyss:1  | teukkam the Demonspawn Abyssal Knight began the quest for
                  | the Orb.
     0 | Abyss:1  | Reached XP level 1. HP: 18/18 MP: 2/2
     3 | Abyss:1  | Found a corrupted altar of Lugonu.
    63 | Abyss:1  | Noticed a demonic crawler
    65 | D:1      | Escaped the Abyss
   131 | D:1      | Reached skill level 1 in Dodging
   135 | D:1      | Reached * piety under Lugonu
   469 | D:1      | Gained mutation: You have large cloven feet. [demonic
                  | ancestry]
   469 | D:1      | Reached XP level 2. HP: 21/24 MP: 4/4
  1056 | D:2      | Reached XP level 3. HP: 17/29 MP: 5/5
  1067 | D:2      | Gained mutation: You are robust. (+10% HP) [potion of
                  | mutation]
  1067 | D:2      | Gained mutation: Your body sometimes deteriorates upon
                  | taking damage. [potion of mutation]
  1067 | D:2      | Gained mutation: Your spells are a little harder to cast,
                  | but a little more powerful. [potion of mutation]
  1071 | D:2      | HP: 1/31 [poisoned by a kobold]
  1072 | D:2      | Succumbed to a kobold's poison

Skill      XL: |  1  2 |
---------------+-------+-----
Dodging        | 1 |  1.4
Axes           | 2 |  2.1
Armour         | 2 |  2.1
Invocations    | 3 |  3.0
Fighting       | |  3.2

Action                   || total
-------------------------++-------
Melee: Hand axe          ||    66
       Kick              ||     8
Invok: Depart the Abyss  ||     1
  Use: Potion            ||     1
Armor: Leather armour    ||    21
Dodge: Dodged            ||    54
